 Dungeon Crawl Stone Soup version 0.26.0-18-gc5c842f807 (console) character file.

Game seed: 10049355197332493875

23023 jejorda2 the Severer (level 13, -18/113 HPs)
             Began as a Hill Orc Berserker on Jan 22, 2021.
             Was a High Priest of Trog.
             Demolished by a komodo dragon (21 damage)
             ... on level 3 of the Lair of Beasts.
             The game lasted 00:26:00 (13617 turns).

jejorda2 the Severer (Hill Orc Berserker)          Turns: 13617, Time: 00:26:02

Health: -18/113    AC: 19    Str: 32    XL:     13   Next: 4%
Magic:  13/13      EV:  8    Int:  7    God:    Trog [*****.]
Gold:   813        SH:  5    Dex: 10    Spells: 12/12 levels left

rFire    . . .     SeeInvis +   a - +1 executioner's axe (flame)
rCold    . . .     Faith    .   (shield currently unavailable)
rNeg     . . .     Spirit   .   z - +0 plate armour (curse)
rPois    .         Reflect  +   F - +1 hat {Will+}
rElec    .         Harm     .   w - +0 cloak "Xinykog" {-Tele Str+7 SInv}
rCorr    .         Rampage  .   q - +1 pair of gloves
Will     +....     NoTele   +   (no boots)
Stlth    ..........             x - amulet of reflection
HPRegen  0.28/turn              J - ring of stealth
MPRegen  0.13/turn              L - ring of flight

@: no status effects
A: no striking features
a: Renounce Religion, Evoke Flight, Berserk, Trog's Hand, Brothers in Arms


You were on level 3 of the Lair of Beasts.
You worshipped Trog.
Trog was extremely pleased with you.
You visited 2 branches of the dungeon, and saw 13 of its levels.

You collected 813 gold pieces.

Inventory:

Hand Weapons
 a - a +1 executioner's axe of flaming (weapon)
 N - a +2 vorpal battleaxe
Missiles
 i - 333 stones
 p - 6 curare-tipped darts
 t - 28 poisoned darts (quivered)
 y - a throwing net
Armour
 q - a +1 pair of gloves (worn)
 w - the +0 cloak "Xinykog" (worn) {-Tele Str+7 SInv}
   (You found it on level 4 of the Dungeon)

   It affects your strength (+7).
   It lets you see invisible.
   It prevents most forms of teleportation.
 z - a cursed +0 plate armour (worn)
 F - a +1 hat of willpower (worn)
Jewellery
 j - an uncursed ring of ice
 x - an amulet of reflection (around neck)
 J - a ring of stealth (left hand)
 L - a ring of flight (right hand)
Wands
 k - a wand of disintegration (23)
 s - a wand of polymorph (8)
 v - a wand of flame (50)
 C - a wand of random effects (26)
 H - a wand of paralysis (5)
Scrolls
 d - 2 scrolls of fear
 e - 3 scrolls of blinking
 m - 4 scrolls of teleportation
 n - 5 scrolls of identify
 r - 9 scrolls of remove curse
 G - a scroll of enchant weapon
 M - a scroll of summoning
 O - a scroll of magic mapping
Potions
 c - 2 potions of flight
 f - 4 potions of attraction
 g - a potion of berserk rage
 h - 3 potions of curing
 l - 5 potions of haste
 o - a potion of invisibility
 u - 4 potions of might
 A - 2 potions of cancellation
 B - 4 potions of heal wounds
 D - 2 potions of mutation
 E - a potion of magic
 K - a potion of lignification


   Skills:
 + Level 9.8 Fighting
 * Level 20.6 Axes
 + Level 9.3 Armour
 - Level 1.5 Dodging
 - Level 6.0 Evocations


You had 12 spell levels left.
You didn't know any spells.
Your spell library was empty.

Dungeon Overview and Level Annotations

Branches:
Dungeon (10/15)            Temple (0/1) D:5            Lair (3/6) D:10
 Shoals (0/4) Lair:3          Orc (0/2) D:9
  Snake: Lair:2-4    Spider: Lair:2-4

Altars:
Ashenzari
Dithmenos
Gozag
Okawaru
Vehumet
Xom

Shops:
D:10 *


Message History

You slice the rime drake!! You burn the rime drake.
The komodo dragon bites you but does no damage.
The rime drake bites you but does no damage.
Your plate armour prevents you from hitting the komodo dragon.
The komodo dragon is moderately wounded.
You barely miss the rime drake. The rime drake bites you.
* * * LOW HITPOINT WARNING * * *
You block the komodo dragon's attack.
You slash the komodo dragon! You burn the komodo dragon.
The komodo dragon is heavily wounded.
Your plate armour prevents you from hitting the rime drake.
The rime drake closely misses you. The komodo dragon bites you!
* * * LOW HITPOINT WARNING * * *
You slash the komodo dragon! You burn the komodo dragon.
The komodo dragon is almost dead.
You barely miss the rime drake. The ice encasing you melts away.
The rime drake bites you but does no damage.
The komodo dragon bites you!!
You die...

.............††+†..........
........>...###............
............# #............
............# ##...........
............# #......†.....
............# ###.##..#..#.
#..###.#.#.## #######....
#. #######.## ##.....## .
.......@.# #....####
...(..kl## #........
........# #.........
........# #..........
........# #..P........
.....>..# #...P......≈
......... ..##......≈≈
........# .#.......≈≈≈
##.....≈≈#


You could see a komodo dragon and a rime drake.

Vanquished Creatures
  Rupert (Lair:3)
  Gastronok (D:9)
  A hydra (D:10)
  A two-headed ogre (D:10)
  An ugly thing (D:8)
  2 oklob plants (Lair:2)
  6 cane toads
  4 komodo dragons
  3 rime drakes
  A troll (D:9)
  13 blink frogs
  A snapping turtle (Lair:3)
  A spriggan (D:7)
  16 yaks
  3 wyverns (Lair:3)
  3 basilisks
  2 wargs (D:9)
  6 water moccasins
  Duvessa (D:4)
  5 orc warriors
  3 black bears
  A hornet zombie (D:5)
  3 phantoms
  5 ice beasts
  A sky beast (D:7)
  2 necrophages (D:9)
  5 ogres
  6 wolves (Lair:2)
  7 centaurs
  11 bullfrogs
  Dowan (D:4)
  4 scorpions
  6 killer bees (D:7)
  An electric eel (Lair:1)
  2 howler monkeys (D:7)
  A lava snake (Lair:2)
  A centaur zombie (D:10)
  2 quasits (D:9)
  2 jellies
  2 hounds
  3 orc priests
  2 bullfrog skeletons
  A gnoll shaman (D:7)
  10 orc wizards
  3 centaur skeletons
  4 iguanas
  6 worker ants
  A hound zombie (D:5)
  Robin (D:4)
  7 gnolls
  7 adders
  A shadow imp (D:6)
  3 white imps
  3 oozes
  5 worms (D:2)
  5 dart slugs
  6 leopard geckos
  35 orcs
  4 ball pythons
  7 giant cockroaches
  9 hobgoblins
  17 jackals
  A quokka (D:9)
  4 bats
  3 frilled lizards
  15 goblins
  6 kobolds
  A leopard gecko skeleton (D:5)
  11 rats
  5 bushes (Lair:1)
324 creatures vanquished.

Vanquished Creatures (collateral kills)
  Sonja (Lair:2)
1 creature vanquished.

Vanquished Creatures (others)
  15 fungi
  18 plants
33 creatures vanquished.

Grand Total: 358 creatures vanquished

Notes
Turn   | Place    | Note
-------+----------+-------------------------------------------
     0 | D:1      | jejorda2 the Hill Orc Berserker began the quest for the
                  | Orb.
     0 | D:1      | Reached XP level 1. HP: 19/19 MP: 1/1
   249 | D:1      | Reached XP level 2. HP: 27/27 MP: 2/2
   755 | D:2      | Reached XP level 3. HP: 33/33 MP: 3/3
   849 | D:2      | Reached skill level 5 in Axes
   861 | D:2      | Reached ** piety under Trog
  1231 | D:2      | Reached XP level 4. HP: 40/40 MP: 4/4
  1742 | D:3      | Found an opulent altar of Gozag.
  2135 | D:3      | Reached *** piety under Trog
  2136 | D:3      | Reached XP level 5. HP: 47/47 MP: 5/5
  2144 | D:3      | Reached skill level 6 in Axes
  2251 | D:4      | Noticed Duvessa
  2251 | D:4      | Noticed Dowan
  2260 | D:4      | Killed Duvessa
  2261 | D:4      | Reached XP level 6. HP: 55/55 MP: 6/6
  2286 | D:4      | Killed Dowan
  2287 | D:4      | Reached skill level 5 in Fighting
  2287 | D:4      | Reached skill level 7 in Axes
  2918 | D:4      | Got an ichor-stained cloak
  2923 | D:4      | Identified the +0 cloak "Xinykog" {-Tele Str+7 SInv} (You
                  | found it on level 4 of the Dungeon)
  2981 | D:4      | Noticed Robin
  2998 | D:4      | Killed Robin
  3097 | D:5      | Entered Level 5 of the Dungeon
  3097 | D:5      | Noticed a phantom
  3097 | D:5      | Noticed an ice beast
  3116 | D:4      | Killed an ice beast
  3117 | D:4      | Reached XP level 7. HP: 22/61 MP: 7/7
  3357 | D:5      | Reached skill level 8 in Axes
  3613 | D:5      | Found a staircase to the Ecumenical Temple.
  3779 | D:5      | Reached skill level 5 in Armour
  3826 | D:5      | Reached skill level 9 in Axes
  3851 | D:5      | Reached XP level 8. HP: 58/70 MP: 8/8
  3957 | D:5      | Reached skill level 10 in Axes
  4045 | D:5      | Found an iron altar of Okawaru.
  4049 | D:5      | Found a radiant altar of Vehumet.
  4215 | D:6      | Reached **** piety under Trog
  4308 | D:6      | Reached skill level 11 in Axes
  4550 | D:6      | Reached skill level 12 in Axes
  4553 | D:6      | Reached XP level 9. HP: 73/75 MP: 9/9
  5111 | D:6      | Found a shimmering altar of Xom.
  5264 | D:7      | Reached skill level 13 in Axes
  5327 | D:7      | Reached ***** piety under Trog
  5574 | D:7      | Reached skill level 14 in Axes
  6089 | D:7      | Found a broken altar of Ashenzari.
  6404 | D:8      | Noticed a cyan ugly thing
  6415 | D:8      | Killed a cyan ugly thing
  6416 | D:8      | Reached skill level 15 in Axes
  6416 | D:8      | Reached XP level 10. HP: 69/83 MP: 10/10
  6597 | D:8      | Found a shadowy altar of Dithmenos.
  7117 | D:9      | Reached skill level 16 in Axes
  7149 | D:9      | Found an iron altar of Okawaru.
  7151 | D:9      | Noticed Gastronok
  7172 | D:9      | Killed Gastronok
  7173 | D:9      | Reached skill level 17 in Axes
  7902 | D:9      | Reached skill level 1 in Evocations
  8096 | D:9      | Reached skill level 18 in Axes
  8096 | D:9      | Reached XP level 11. HP: 75/89 MP: 11/11
  8157 | D:9      | Found a staircase to the Orcish Mines.
  8193 | D:9      | Received a gift from Trog
  8810 | D:10     | Entered Level 10 of the Dungeon
  8810 | D:10     | Noticed a two-headed ogre
  8819 | D:10     | Killed a two-headed ogre
  9046 | D:10     | Found Souwetym's Assorted Antiques.
  9091 | D:10     | Noticed a seven-headed hydra
  9109 | D:10     | Killed a seven-headed hydra
  9301 | D:10     | Found a broken altar of Ashenzari.
  9440 | D:10     | Found a staircase to the Lair.
  9665 | Lair:1   | Entered Level 1 of the Lair of Beasts
  9721 | Lair:1   | Reached skill level 19 in Axes
  9935 | Lair:1   | Reached skill level 5 in Evocations
 10883 | Lair:1   | You fall into a shaft and drop 1 floor!
 10923 | Lair:2   | Noticed an oklob plant
 10963 | Lair:2   | Noticed Sonja
 10970 | Lair:2   | Killed Sonja
 11124 | Lair:2   | Reached XP level 12. HP: 73/96 MP: 12/12
 11130 | Lair:2   | Reached skill level 20 in Axes
 12895 | Lair:3   | Noticed Rupert
 12902 | Lair:3   | Killed Rupert
 12902 | Lair:3   | Received a gift from Trog
 13518 | Lair:3   | Found a staircase to the Shoals.
 13563 | Lair:3   | Reached XP level 13. HP: 102/112 MP: 13/13
 13616 | Lair:3   | HP: 3/113 [komodo dragon (16)]
 13617 | Lair:3   | Demolished by a komodo dragon

Illustrated notes

Levels and vault maps discovered:
D:1:      ncdulo_wetmaze, layout_rooms
D:2:      layout_loops_ring
D:3:      layout_loops_cross, nicolae_overflow_crystal_walls
D:4:      layout_loops_cross, uniq_duvessa, uniq_robin
D:5:      layout_cave_pools, minitemple, minmay_temple_entry_tees
D:6:      layout_layer_cave, kennysheep_mini
D:7:      layout_loops_ring, overflow_temple_1_default, the_bakery
D:8:      layout_loops_ring, grunt_dithmenos_smoke
D:9:      layout_basic, david_orc_1_choice, okawaru_ov_weapons_minmay,
          uniq_gastronok
D:10:     layout_small_grid, lair_entry_dummy, serial_shops, shop,
          nicolae_ashenzari_panopticon
Lair:1:   layout_cave_shapes, minmay_hedge_maze, amcnicky_mini_pool_medium,
          grunt_megastairs_3
Lair:2:   layout_gridlike, minmay_lair_oklob_chamber, grunt_megastairs_1,
          uniq_sonja
Lair:3:   layout_roguey, minmay_shoals_entry_hut, uniq_rupert

Skill      XL: |  1  2  3  4  5  6  7  8  9 10 11 12 |
---------------+-------------------------------------+-----
Fighting       | 4 5 6 9 |  9.8
Axes           | 5 6 7 9 12 15 18 19 20 | 20.6
Armour         | 3 4 5 6 9 |  9.3
Evocations     | 1 5 6 |  6.0
Dodging        | |  1.5

Action                   |  1- 3 |  4- 6 |  7- 9 | 10-12 | 13-15 || total
-------------------------+-------+-------+-------+-------+-------++-------
Melee: Hand axe          |   106 |   188 |   146 |       |       ||   440
       War axe           |       |       |   204 |   145 |       ||   349
       Battleaxe         |       |       |       |   226 |       ||   226
       Morningstar       |       |       |       |    10 |       ||    10
       Executioner's axe |       |       |       |    47 |    21 ||    68
Throw: Stone             |     6 |       |       |       |       ||     6
       Dart              |       |       |     6 |     4 |       ||    10
Invok: Berserk           |       |     2 |     5 |     9 |       ||    16
       Trog's Hand       |       |     2 |       |     2 |       ||     4
       Brothers in Arms  |       |       |       |     1 |       ||     1
Evoke: Wand              |       |       |     2 |       |       ||     2
  Use: Scroll            |     2 |       |    16 |     6 |       ||    24
       Potion            |       |     1 |     1 |     2 |       ||     4
Armor: Leather armour    |     6 |       |       |       |       ||     6
       Animal skin       |     1 |       |       |       |       ||     1
       Plate armour      |    35 |   128 |   172 |   186 |     9 ||   530
Dodge: Dodged            |    44 |    48 |   120 |   105 |     6 ||   323
Block: Other             |       |       |    57 |    54 |     7 ||   118
       Reflection        |       |       |     1 |     5 |       ||     6
